 Dungeon Crawl Stone Soup version 0.22-a0-512-g0943f25 (webtiles) character file.

95 Mgcat the Chopper (level 4, -3/35 HPs)
             Began as a Human Fighter on June 18, 2018.
             Was an Initiate of Cheibriados.
             Slain by Natasha (8 damage)
             ... on level 2 of the Dungeon.
             The game lasted 00:02:58 (1627 turns).

Mgcat the Chopper (Human Fighter)                   Turns: 1627, Time: 00:02:59

Health: -3/35      AC:  6    Str: 18    XL:     4   Next: 95%
Magic:  4/4        EV:  7    Int: 10    God:    Cheibriados [......]
Gold:   139        SH:  9    Dex: 13    Spells: 3/3 levels left

rFire    . . .     SeeInvis .   a - +0 war axe
rCold    . . .     Gourm    .   c - +0 shield
rNeg     . . .     Faith    .   b - +0 scale mail
rPois    .         Spirit   .   (no helmet)
rElec    .         Reflect  .   (no cloak)
rCorr    .         Harm     .   (no gloves)
MR       .....                  (no boots)
Stlth    ..........             (no amulet)
HPRegen  0.11/turn              (no ring)
MPRegen  0.09/turn              (no ring)

@: slowed, very slow
A: no striking features
a: Bend Time, Renounce Religion


You were on level 2 of the Dungeon.
You worshipped Cheibriados.
Cheibriados was noncommittal.
You were hungry.

You visited 1 branch of the dungeon, and saw 2 of its levels.

You collected 139 gold pieces.

Inventory:

Hand Weapons
 a - a +0 war axe (weapon)
Armour
 b - a +0 scale mail (worn)
 c - a +0 shield (worn)
Jewellery
 g - an uncursed amulet of rage {unknown}
   (You found it on level 2 of the Dungeon)
Scrolls
 h - 2 scrolls of identify {unknown}
 i - a scroll of enchant weapon {unknown}
 l - a scroll of random uselessness {unknown}
Potions
 d - 2 potions of might
 e - a potion of degeneration {unknown}
 j - a potion of curing {unknown}
 m - a potion of flight {unknown}
Comestibles
 f - 5 rations


   Skills:
 - Level 3.0 Fighting
 + Level 4.7 Axes
 - Level 3.0 Armour
 - Level 3.0 Shields


You had 3 spell levels left.
You didn't know any spells.
Your spell library was empty.

Dungeon Overview and Level Annotations

Branches:
Dungeon (2/15)

Altars:
Cheibriados

Annotations:
D:2 Natasha


Message History

You now have 132 gold pieces (gained 16).
You see here a dagger.
A goblin comes into view.
The goblin shouts!
A kobold comes into view. It is wielding a dagger.
You closely miss the goblin.
The kobold shouts!
You block the goblin's attack.
You barely miss the goblin. You block the goblin's attack.
You slash the goblin!
You kill the goblin!
Cheibriados appreciates the change of pace.
The kobold throws a stone.
The stone hits you but does no damage.
The kobold throws a stone.
The stone closely misses you.
The kobold throws a stone.
The stone hits you but does no damage.
You see here a stone.
The kobold hits you but does no damage.
You barely miss the kobold. You block the kobold's attack. x2
You slash the kobold!
You kill the kobold!
Cheibriados thoroughly appreciates the change of pace.
No target in view!
No target in view!
Things that are here:
a dagger; a kobold corpse You now have 139 gold pieces (gained 7).
All of the chunks of flesh in your inventory have rotted away.
You see here a dagger.
Marking area around Natasha as unsafe for travelling.
Natasha, Servant of Life and Death comes into view.
Natasha stares at you and mumbles some strange words.
The magic dart hits you!
Unknown command.
Natasha claws you.
You are too injured to fight recklessly!
You are too injured to fight recklessly!
You are too injured to fight recklessly!
You are too injured to fight recklessly!
You barely miss Natasha. You block Natasha's attack.
Natasha casts a spell at you. The magic dart hits you!
You slash Natasha!
Natasha is almost dead.
Natasha claws you!
You miss Natasha.
Natasha is almost dead.
You block Natasha's attack.
Your shield prevents you from hitting Natasha.
Natasha is almost dead.
Natasha claws you but does no damage.
Natasha casts a spell.
You slash Natasha!
You kill Natasha!
Cheibriados appreciates the change of pace.
Natasha yowls pathetically as she dies!
The iron imp disappears in a puff of smoke!
You are feeling hungry.
There is a stone staircase leading up here.
You see here a club.
Natasha, Servant of Life and Death comes into view.
Natasha is nearby!
Natasha stares at you and mumbles some strange words.
You feel yourself slow down.
Natasha mumbles some strange words.
Natasha claws you.
You closely miss Natasha. Natasha claws you but does no damage.
Natasha claws you.
You hit Natasha but do no damage. Natasha claws you but does no damage.
Natasha wildly gestures.
Natasha glows brightly for a moment.
Natasha casts a spell.
Natasha claws you but does no damage.
You hit Natasha.
Natasha is lightly wounded.
The crimson imp shouts, "Back with thee, thou pecksniffian rude-growing lout!"
You block Natasha's attack.
You slash Natasha!
Natasha is severely wounded.
The shadow imp disappears in a puff of smoke!
Natasha claws you.
Natasha stares at you and mumbles some strange words.
The magic dart hits you!
You are too injured to fight recklessly!
You are too injured to fight recklessly!
You are too injured to fight recklessly!
You closely miss Natasha.
Natasha is severely wounded.
You hit the crimson imp. Natasha casts a spell at you.
You feel as though you will be slow longer.
The crimson imp hits you. Natasha claws you. The crimson imp hits you.
* * * LOW HITPOINT WARNING * * *
You closely miss Natasha.
Natasha is severely wounded.
You hit the crimson imp. Natasha casts a spell at you. The magic dart hits you!
* * * LOW HITPOINT WARNING * * *
You block the crimson imp's attack. Natasha claws you!
You die...

# #######.#######.#
#.######## #
#...............# #.#
###)#####.#######.# #.#
<.......).# #.# ###.#
###)#####.## #.#
##.#.########
#..........##
###.###............
#.#.###.....#
#>..##.....######## ....#
#.....###5#h........#
#####
#.....##..@###.....## #
##................##
#########.####...###.#.##
..........# ##.## #.#.# #
#########.# #.# #.#.# # #
#.# #.# #...########## #
#.# #.# ####.)........ #
#.# #.# #.######### ###
#<# #.#######.###### ##


You could see Natasha and a crimson imp.

Vanquished Creatures
  Natasha (D:2)
  An ooze (D:2)
  3 worms (D:2)
  4 dart slugs
  A leopard gecko (D:1)
  A giant cockroach (D:1)
  6 goblins
  3 hobgoblins
  2 jackals (D:1)
  6 kobolds
  5 bats (D:1)
  3 frilled lizards (D:1)
  19 rats
55 creatures vanquished.

Notes
Turn   | Place    | Note
-------+----------+-------------------------------------------
     0 | D:1      | Mgcat the Human Fighter began the quest for the Orb.
     0 | D:1      | Reached XP level 1. HP: 18/18 MP: 1/1
    19 | D:1      | Reached XP level 2. HP: 11/24 MP: 2/2
   284 | D:1      | Reached skill level 3 in Axes
   397 | D:1      | Reached XP level 3. HP: 29/29 MP: 3/3
   457 | D:1      | Found a snail-covered altar of Cheibriados.
   977 | D:1      | Became a worshipper of Cheibriados the Contemplative
  1052 | D:2      | Reached skill level 4 in Axes
  1052 | D:2      | Reached XP level 4. HP: 21/35 MP: 4/4
  1428 | D:2      | Noticed Natasha
  1434 | D:2      | Killed Natasha
  1618 | D:2      | Noticed Natasha
  1627 | D:2      | HP: 5/35 [Natasha/magic dart (5)]
  1627 | D:2      | Slain by Natasha

Vault maps used:
D:1:      erik_arrival_orb_chamber, cheibriados_altar_1
D:2:      uniq_natasha

Skill      XL: |  1  2  3 |
---------------+----------+-----
Axes           | 3 4 |  4.7
Fighting       | |  3.0
Armour         | |  3.0
Shields        | |  3.0

Action                   |  1- 3 |  4- 6 || total
-------------------------+-------+-------++-------
Melee: War axe           |   117 |    36 ||   153
  Eat: Chunk             |     1 |     1 ||     2
Armor: Scale mail        |    50 |     8 ||    58
Dodge: Dodged            |    30 |     6 ||    36
Block: Shield            |    52 |    15 ||    67

Table legend:
 A = Spawn XP
 B = Non-spawn XP
 C = Spawn XP percentage of total XP
 D = Spawn monster count
 E = Non-spawn monster count
 F = Spawn count percentage of total count
 G = Total turns spent on level
                    A         B        C        D         E        F      G
               +---------+---------+-------+---------+---------+-------+---------
         Total |       0 |     136 |   0.0 |       0 |      55 |   0.0 |  1627
               +---------+---------+-------+---------+---------+-------+---------
           D:1 |       0 |      58 |   0.0 |       0 |      39 |   0.0 |   986
           D:2 |       0 |      78 |   0.0 |       0 |      16 |   0.0 |   641
               +---------+---------+-------+---------+---------+-------+---------

Vault maps used:
D:1:      erik_arrival_orb_chamber, cheibriados_altar_1
D:2:      uniq_natasha

Table legend:
 A = Turns spent in this place as a percentage of turns spent in the entire game.
 B = Non-inter-level travel turns spent in this place as a percentage of non-inter-level travel turns spent in the entire game.
 C = Inter-level travel turns spent in this place as a percentage of turns spent in this place.
 D = Turns resting spent in this place as a percentage of non-inter-level travel turns spent in this place.
 E = Turns spent auto-exploring this place as a percentage of non-inter-level travel turns spent in this place.
 F = Non-inter-level travel turns spent in this place divided by the number of levels of this place that you've seen.
                   A       B       C       D       E      F
               +-------+-------+-------+-------+-------+----------------------
         Total | 100.0 | 100.0 |   3.1 |   0.0 |  82.2 | 788.0
       Dungeon | 100.0 | 100.0 |   3.1 |   0.0 |  82.2 | 788.0
               +-------+-------+-------+-------+-------+----------------------

Table legend:
 A = Kills in this place as a percentage of kills in entire the game.
 B = Kills by you in this place as a percentage of kills by you in the entire game.
 C = Kills by friends in this place as a percentage of kills by friends in the entire game.
 D = Other kills in this place as a percentage of other kills in the entire game.
 E = Experience gained in this place as a percentage of experience gained in the entire game.
 F = Experience gained in this place divided by the number of levels of this place that you have seen.
                   A       B       C       D       E      F
               +-------+-------+-------+-------+-------+----------------------
         Total | 100.0 | 100.0 |   N/A |   N/A | 100.0 |  68.0
       Dungeon | 100.0 | 100.0 |   N/A |   N/A | 100.0 |  68.0
               +-------+-------+-------+-------+-------+----------------------
